PIO (24 & UNDER)
JASPER COUGARS @ CHULA VISTA TACOS
09/20/2026
 
TOP OF THE 1ST
Jasper Cougars batting - Pitching for Chula Vista Tacos : RHP Adrián Sandoval
Pitching: RHP Adrián Sandoval
Batting: SHB Carlos Córdova 0-0: Ball
1-0: Foul Ball, location: 2F
1-1: Ground out U3 (Groundball, 3S)
Batting: LHB António Camacho 0-0: Called Strike
0-1: Called Strike
0-2: Ball
1-2: Fly out, F8 (Flyball, 8RXD)
Batting: RHB David Hernández 0-0: Fly out, F2 (Popup, 2RF)
Top of the 1st over - 0 run(s), 0 hit(s), 0 error(s), 0 left on base; Jasper 0 - Chula Vista 0
BOTTOM OF THE 1ST
Chula Vista Tacos batting - Pitching for Jasper Cougars : RHP José Orozco
Pitching: RHP José Orozco
Batting: LHB Joe Baker 0-0: Ball
1-0: DOUBLE (Line Drive, 89XD)
Batting: LHB Jaime Icaza 0-0: Ball
1-0: Fly out, F7 (Flyball, 78S)
Batting: RHB Johnny Williams 0-0: Ball
1-0: Called Strike
1-1: Ground out 4-3 (Groundball, 4)
Joe Baker to third
Batting: LHB Steven Smith 0-0: Foul Ball, location: 2F
0-1: Ball
1-1: Fly out, F7 (Flyball, 7S)
Bottom of the 1st over - 0 run(s), 1 hit(s), 0 error(s), 1 left on base; Jasper 0 - Chula Vista 0
TOP OF THE 2ND
Jasper Cougars batting - Pitching for Chula Vista Tacos : RHP Adrián Sandoval
Batting: RHB George Reeves 0-0: Ball
1-0: Ground out 1-3 (Groundball, 15)
Batting: LHB Kyle Harrison 0-0: Foul Ball, location: 2F
0-1: Ball
1-1: Ground out 4-3 (Groundball, 34)
Batting: SHB Rafael Acosta 0-0: Ball
1-0: Foul Ball, location: 2F
1-1: SINGLE (Groundball, 13) (infield hit)
Batting: RHB Neil Weeks 0-0: Foul Ball, location: 2F
0-1: Foul Ball, location: 2F
0-2: Ball
1-2: Strikes out looking
Top of the 2nd over - 0 run(s), 1 hit(s), 0 error(s), 1 left on base; Jasper 0 - Chula Vista 0
BOTTOM OF THE 2ND
Chula Vista Tacos batting - Pitching for Jasper Cougars : RHP José Orozco
Batting: SHB Walt Rodgers 0-0: SINGLE (Groundball, 34)
Batting: RHB Ray Rogers 0-0: Called Strike
0-1: Called Strike
0-2: Foul Ball, location: 2F
0-2: Foul Ball, location: 2F
0-2: Foul Ball, location: 2F
0-2: Ball
1-2: Ball
2-2: Foul Ball, location: 2F
2-2: Strikes out swinging
Batting: RHB Tom Cirilo 0-0: Called Strike
Walt Rodgers is caught stealing 2nd base
0-1: Fly out, F7 (Line Drive, 78M)
Bottom of the 2nd over - 0 run(s), 1 hit(s), 0 error(s), 0 left on base; Jasper 0 - Chula Vista 0
TOP OF THE 3RD
Jasper Cougars batting - Pitching for Chula Vista Tacos : RHP Adrián Sandoval
Batting: RHB José Maldonado 0-0: Ground out 4-3 (Groundball, 34)
Batting: LHB John Stone 0-0: Foul Ball, location: 2F
0-1: Ball
1-1: Ball
2-1: Bunt missed!
2-2: Ball
3-2: Strikes out swinging
Batting: SHB Carlos Córdova 0-0: Ball
1-0: Called Strike
1-1: Ball
2-1: Ball
3-1: Foul Ball, location: 2F
3-2: Foul Ball, location: 2F
3-2: Strikes out looking
Top of the 3rd over - 0 run(s), 0 hit(s), 0 error(s), 0 left on base; Jasper 0 - Chula Vista 0
BOTTOM OF THE 3RD
Chula Vista Tacos batting - Pitching for Jasper Cougars : RHP José Orozco
Batting: LHB Michael Myers 0-0: Called Strike
0-1: Called Strike
0-2: Hit by Pitch
Batting: LHB Gonzalo Benítez 0-0: Ball
1-0: Foul Ball, location: 2F
1-1: Fly out, F9 (Flyball, 89M)
Batting: LHB Joe Baker 0-0: Called Strike
0-1: Foul Ball, location: 2F
0-2: Ball
1-2: Foul Ball, location: 2F
1-2: Ground out 5-3 (Groundball, 56S)
Michael Myers to second
Batting: LHB Jaime Icaza 0-0: Called Strike
0-1: Ball
1-1: Ball
2-1: Called Strike
2-2: Ball
3-2: Foul Ball, location: 2F
3-2: Fly out, F5 (Popup, 5F)
Bottom of the 3rd over - 0 run(s), 0 hit(s), 0 error(s), 1 left on base; Jasper 0 - Chula Vista 0
TOP OF THE 4TH
Jasper Cougars batting - Pitching for Chula Vista Tacos : RHP Adrián Sandoval
Batting: LHB António Camacho 0-0: Called Strike
0-1: Ball
1-1: Ball
2-1: Foul Ball, location: 2F
2-2: Ground out U3 (Groundball, 3)
Batting: RHB David Hernández 0-0: Called Strike
0-1: Ball
1-1: Ball
2-1: SINGLE (Line Drive, 34)
Batting: RHB George Reeves 0-0: Foul Ball, location: 2F
0-1: Foul Ball, location: 2F
0-2: Ball
1-2: Ground out 5-3 (Groundball, 5S)
David Hernández to second
Batting: LHB Kyle Harrison 0-0: Fly out, F9 (Flyball, 89M)
Top of the 4th over - 0 run(s), 1 hit(s), 0 error(s), 1 left on base; Jasper 0 - Chula Vista 0
BOTTOM OF THE 4TH
Chula Vista Tacos batting - Pitching for Jasper Cougars : RHP José Orozco
Batting: RHB Johnny Williams 0-0: Foul Ball, location: 2F
0-1: Foul Ball, location: 2F
0-2: Ball
1-2: Fly out, F9 (Flyball, 89D)
Batting: LHB Steven Smith 0-0: Ball
1-0: Called Strike
1-1: Ball
2-1: Ball
3-1: Base on Balls
Batting: SHB Walt Rodgers 0-0: Fly out, F8 (Flyball, 78M)
Batting: RHB Ray Rogers 0-0: Foul Ball, location: 2F
0-1: Ball
1-1: Fly out, F7 (Flyball, 7M)
Bottom of the 4th over - 0 run(s), 0 hit(s), 0 error(s), 1 left on base; Jasper 0 - Chula Vista 0
TOP OF THE 5TH
Jasper Cougars batting - Pitching for Chula Vista Tacos : RHP Adrián Sandoval
Batting: SHB Rafael Acosta 0-0: DOUBLE (Line Drive, 7LS)
Batting: RHB Neil Weeks 0-0: Ball
1-0: Foul Ball, location: 2F
1-1: Swinging Strike
1-2: Strikes out swinging
Batting: RHB José Maldonado 0-0: Ground out 2-3 (Groundball, 2L)
Rafael Acosta to third
Batting: LHB John Stone 0-0: Called Strike
0-1: Ball
1-1: Foul Ball, location: 2F
1-2: Foul Ball, location: 2F
1-2: DOUBLE (Line Drive, 7D)
Rafael Acosta scores
Batting: SHB Carlos Córdova 0-0: SINGLE (Line Drive, 34)
John Stone to third
Runner from 3rd tries for Home, SAFE, no throw or cutoff
Batting: LHB António Camacho 0-0: Ball
1-0: Called Strike
1-1: Ball
2-1: Foul Ball, location: 2F
2-2: Ball
3-2: Strikes out swinging
Top of the 5th over - 2 run(s), 3 hit(s), 0 error(s), 1 left on base; Jasper 2 - Chula Vista 0
BOTTOM OF THE 5TH
Chula Vista Tacos batting - Pitching for Jasper Cougars : RHP José Orozco
Batting: RHB Tom Cirilo 0-0: Ball
1-0: Swinging Strike
1-1: Called Strike
1-2: Ball
2-2: Strikes out swinging
Batting: LHB Michael Myers 0-0: SINGLE (Flyball, 7LS)
Batting: LHB Gonzalo Benítez 0-0: Called Strike
Michael Myers is caught stealing 2nd base
0-1: Ball
1-1: Swinging Strike
1-2: Foul Ball, location: 2F
1-2: SINGLE (Line Drive, 34D)
Batting: LHB Joe Baker 0-0: Ball
1-0: Called Strike
1-1: Called Strike
Gonzalo Benítez steals 2nd base
1-2: Strikes out swinging
Bottom of the 5th over - 0 run(s), 2 hit(s), 0 error(s), 1 left on base; Jasper 2 - Chula Vista 0
TOP OF THE 6TH
Jasper Cougars batting - Pitching for Chula Vista Tacos : RHP Adrián Sandoval
Batting: RHB David Hernández 0-0: Ball
1-0: Swinging Strike
1-1: Ball
2-1: Fly out, F1 (Line Drive, 15)
Batting: RHB George Reeves 0-0: Called Strike
0-1: Ball
1-1: Foul Ball, location: 2F
1-2: Fly out, F8 (Flyball, 8RS)
Batting: LHB Kyle Harrison 0-0: Foul Ball, location: 2F
0-1: Ground out 4-3 (Groundball, 4M)
Top of the 6th over - 0 run(s), 0 hit(s), 0 error(s), 0 left on base; Jasper 2 - Chula Vista 0
BOTTOM OF THE 6TH
Chula Vista Tacos batting - Pitching for Jasper Cougars : RHP José Orozco
Batting: LHB Jaime Icaza 0-0: Ball
1-0: Ball
2-0: Foul Ball, location: 2F
2-1: Swinging Strike
2-2: Ball
3-2: Strikes out looking
Batting: RHB Johnny Williams 0-0: Swinging Strike
0-1: Ball
1-1: Ball
2-1: Ground out 6-3 (Groundball, 6)
Batting: LHB Steven Smith 0-0: Ball
1-0: Ball
2-0: Foul Ball, location: 2F
2-1: Ball
3-1: SOLO HOME RUN (Line Drive, 7D), Distance : 392 ft
Batting: SHB Walt Rodgers 0-0: Ball
1-0: Swinging Strike
1-1: Fly out, F8 (Flyball, 8LM)
Bottom of the 6th over - 1 run(s), 1 hit(s), 0 error(s), 0 left on base; Jasper 2 - Chula Vista 1
TOP OF THE 7TH
Jasper Cougars batting - Pitching for Chula Vista Tacos : RHP Adrián Sandoval
Batting: SHB Rafael Acosta 0-0: Ball
1-0: Called Strike
1-1: SINGLE (Groundball, 15S) (infield hit)
Pinch Runner at 1st Jon Rogers:
Pinch Hitting: RHB Bob Cole 0-0: Ball
1-0: Called Strike
1-1: Sac Bunt - play at first, batter OUT! 5-3
Jon Rogers to second
Batting: RHB José Maldonado 0-0: Foul Ball, location: 2F
0-1: Ball
1-1: Foul Ball, location: 2F
1-2: Ball
2-2: Strikes out swinging
Pitching: LHP Brock Saunders
Batting: LHB John Stone 0-0: Ball
1-0: Foul Ball, location: 2F
1-1: Ball
2-1: Called Strike
2-2: Ball
3-2: Foul Ball, location: 2F
3-2: Strikes out swinging
Top of the 7th over - 0 run(s), 1 hit(s), 0 error(s), 1 left on base; Jasper 2 - Chula Vista 1
BOTTOM OF THE 7TH
Chula Vista Tacos batting - Pitching for Jasper Cougars : RHP José Orozco
Now at 1B: Jorge Romero
Now in RF: Jon Rogers
Batting: RHB Ray Rogers 0-0: Ball
1-0: Ball
2-0: Called Strike
2-1: Swinging Strike
2-2: Strikes out swinging
Batting: RHB Tom Cirilo 0-0: Swinging Strike
0-1: Ball
1-1: DOUBLE (Line Drive, 7LD)
Batting: LHB Michael Myers 0-0: Ball
1-0: Called Strike
1-1: SINGLE (Groundball, 4MD)
Tom Cirilo to third
Batting: LHB Gonzalo Benítez 0-0: Ball
Michael Myers is caught stealing 2nd base
1-0: Fly out, F4 (Line Drive, 4)
Bottom of the 7th over - 0 run(s), 2 hit(s), 0 error(s), 1 left on base; Jasper 2 - Chula Vista 1
TOP OF THE 8TH
Jasper Cougars batting - Pitching for Chula Vista Tacos : LHP Brock Saunders
Batting: SHB Carlos Córdova 0-0: Ball
1-0: Fly out, F7 (Flyball, 78M)
Batting: LHB António Camacho 0-0: Ball
1-0: Ball
2-0: Fly out, F8 (Flyball, 8LM)
Batting: RHB David Hernández 0-0: Ball
1-0: Ball
2-0: Called Strike
2-1: Ground out 5-3 (Groundball, 5S)
Top of the 8th over - 0 run(s), 0 hit(s), 0 error(s), 0 left on base; Jasper 2 - Chula Vista 1
BOTTOM OF THE 8TH
Chula Vista Tacos batting - Pitching for Jasper Cougars : RHP José Orozco
Batting: LHB Joe Baker 0-0: Swinging Strike
0-1: Ball
1-1: Swinging Strike
1-2: Strikes out swinging
Batting: LHB Jaime Icaza 0-0: Ball
1-0: SINGLE (Line Drive, 6MD)
Batting: RHB Johnny Williams 0-0: SINGLE (Groundball, 56D)
Jaime Icaza to second
Batting: LHB Steven Smith 0-0: Called Strike
0-1: Swinging Strike
0-2: Foul Ball, location: 2F
0-2: Strikes out swinging
Batting: SHB Walt Rodgers 0-0: Ball
1-0: Ball
2-0: SINGLE (Line Drive, 5D)
Jaime Icaza to third
Johnny Williams to second
Runner from 3rd tries for Home, SAFE, no throw or cutoff
Batting: RHB Ray Rogers 0-0: Ball
1-0: Ball
2-0: Called Strike
2-1: Fly out, F8 (Flyball, 8LXD)
Bottom of the 8th over - 1 run(s), 3 hit(s), 0 error(s), 2 left on base; Jasper 2 - Chula Vista 2
TOP OF THE 9TH
Jasper Cougars batting - Pitching for Chula Vista Tacos : LHP Brock Saunders
Pitching: RHP Rick Hernández
Batting: RHB George Reeves 0-0: Fly out, F3 (Line Drive, 34)
Batting: LHB Kyle Harrison 0-0: Foul Ball, location: 2F
0-1: Ground out 4-3 (Groundball, 4)
Batting: LHB Jon Rogers 0-0: Ball
1-0: Ball
2-0: Called Strike
2-1: Swinging Strike
2-2: Ground out 4-3 (Groundball, 34)
Top of the 9th over - 0 run(s), 0 hit(s), 0 error(s), 0 left on base; Jasper 2 - Chula Vista 2
BOTTOM OF THE 9TH
Chula Vista Tacos batting - Pitching for Jasper Cougars : RHP José Orozco
Pitching: LHP Alfredo Maestas
Pinch Hitting: RHB Nate Atkinson 0-0: Called Strike
0-1: Swinging Strike
0-2: Ball
1-2: Strikes out looking
Pinch Hitting: RHB Joel Carlson 0-0: Ball
1-0: Called Strike
1-1: Foul Ball, location: 2F
1-2: Ball
2-2: Ball
3-2: Base on Balls
Pinch Hitting: RHB Manny Torrez 0-0: Ball
1-0: DOUBLE (Popup, 89M)
Joel Carlson to third
Pinch Hitting: RHB Dave King 0-0: Intentional Walk
Pinch Hitting: RHB John Martin 0-0: Ball
1-0: Ball
2-0: Ball
3-0: Called Strike
3-1: Base on Balls
Joel Carlson scores
Manny Torrez to third
Dave King to second
Monday, December 5th, 2016 - OOTP Baseball 17.12 Build 75